 Dungeon Crawl Stone Soup version 0.32-a0-986-ga09f62fbf4 (webtiles) character file.

Game seed: 18049895053305509518

30378 shadizar the Geomancer (level 13, -12/80 HPs)
             Began as a Gargoyle Earth Elementalist on Apr 21, 2024.
             Was an Elder of Vehumet.
             Mangled by a death yak (14 damage)
             ... on level 3 of the Lair of Beasts.
             The game lasted 00:25:27 (16154 turns).

shadizar the Geomancer (GrEE)                      Turns: 16154, Time: 00:25:28

Health: -12/80     AC: 25    Str: 11    XL:     13   Next: 51%
Magic:  24/26      EV: 12    Int: 22    God:    Vehumet [****..]
Gold:   760        SH:  0    Dex: 10    Spells: 20/31 levels left

rFire   + + .        c - staff of earth
rCold   . . .        (no shield)
rNeg    + . .        f - +2 leather armour {rF+}
rPois   ∞            k - +1 helmet
rElec   +            s - scarf {shadows}
rCorr   .            z - +2 pair of gloves
SInv    .            (no boots)
Will    .....        (no amulet)
Stlth   ++           n - +4 ring of protection
HPRegen 0.33/turn    a - ring of protection from fire
MPRegen 0.20/turn

%: no passive effects
@: slowed, very slow
A: sickness immunity, AC +9, negative energy resistance 1, electricity
resistance, torment resistance 1, petrification resistance
a: Renounce Religion


You were on level 3 of the Lair of Beasts.
You worshipped Vehumet.
Vehumet was greatly pleased with you.
You visited 3 branches of the dungeon, and saw 15 of its levels.

You collected 760 gold pieces.

Inventory:

Armour
 f - a +2 leather armour of fire resistance (worn)
 h - a +2 robe of cold resistance
 k - a +1 helmet (worn)
 s - a scarf of shadows (worn)
 t - a +2 scale mail of positive energy
 z - a +2 pair of gloves (worn)
Magical Staves
 c - a staff of earth (weapon)
 l - a staff of conjuration
Jewellery
 a - a ring of protection from fire (right hand)
 n - a +4 ring of protection (left hand)
Wands
 w - a wand of mindburst (4)
 x - a wand of digging (8)
 y - a wand of iceblast (29)
 B - a wand of polymorph (5)
Scrolls
 d - 6 scrolls of teleportation
 e - 3 scrolls of enchant weapon
 o - 3 scrolls of identify
 r - 6 scrolls of amnesia
 C - a scroll of poison
Potions
 b - 2 potions of magic
 g - 2 potions of berserk rage
 j - 11 potions of curing
 m - 2 potions of enlightenment
 p - a potion of might
 u - 3 potions of haste
 v - a potion of brilliance


   Skills:
 + Level 9.0 Fighting
 + Level 7.5 Armour
 + Level 6.7 Dodging
 - Level 5.2 Stealth
 + Level 9.5 Spellcasting
 + Level 9.8 Conjurations
 - Level 2.8 Air Magic
 + Level 12.3 Earth Magic
 + Level 5.2 Alchemy


You had 20 spell levels left.
You knew the following spells:

 Your Spells              Type           Power      Damage    Failure   Level
a - Sandblast             Erth           100%       2d20      1%          1
b - Stone Arrow           Conj/Erth      100%       3d13      1%          3
c - Mephitic Cloud        Conj/Alch/Air  36%        N/A       1%          3
d - Olgreb's Toxic Radia  Alch           33%        N/A       2%          4

Your spell library contained the following spells:

 Spells                   Type           Power      Damage    Failure   Level
 Fulminant Prism          Conj/Alch      21%        3d12      1%          4
 Kiss of Death            Conj/Necr      100%       2d13      1%          1
 Mercury Vapours          Alch/Air       56%        N/A       1%          2
 Passwall                 Erth           77%        N/A       1%          3
 Brom's Barrelling Bould  Conj/Erth      73%        2d9       1%          4
 Petrify                  Alch/Erth      65%        N/A       2%          4
 Irradiate                Conj/Alch      21%        3d18      3%          5
 Inner Flame              Hex/Fire       10%        N/A       7%          3
 Summon Small Mammal      Summ           40%        N/A       9%          1
 Freezing Cloud           Conj/Ice/Air   14%        6-21      11%         5
 Call Canine Familiar     Summ           10%        N/A       24%         3
 Confusing Touch          Hex            10%        N/A       24%         3
 Vhi's Electric Charge    Tloc/Air       32%        N/A       41%         4
 Dispel Undead            Necr           10%        3d9       63%         4
 Martyr's Knell           Necr/Summ      10%        N/A       63%         4
 Summon Blazeheart Golem  Fire/Summ      10%        N/A       63%         4
 Curse of Agony           Necr           10%        N/A       92%         5
 Rimeblight               Ice/Necr       5%         2d4       (prima100%   7
 Ignition                 Fire           5%         3d4       100%        8
 Cigotuvi's Dreadful Rot  Necr/Alch/Air  Unusable   N/A       N/A         2
 Sublimation of Blood     Necr           Unusable   N/A       N/A         2

Dungeon Overview and Level Annotations

Branches:
Dungeon (11/15)            Temple (1/1) D:4            Lair (3/5) D:11
 Shoals (0/4) Lair:2       Spider (0/4) Lair:2          Orc (0/2) D:9

Altars:
Ashenzari
Cheibriados
Dithmenos
Elyvilon
Fedhas
Gozag
Hepliaklqana
Kikubaaqudgha
Makhleb
Nemelex Xobeh
Okawaru
Qazlal
Ru
Sif Muna
Trog
Uskayaw
Vehumet
Wu Jian
Xom
Yredelemnul
Zin
The Shining One

Shops:
D:2 :   D:3 (   D:4 (

Annotations:
D:5 1 runed translucent door, Crazy Yiuf
D:10 Lodul
Lair:1 3 runed translucent doors, Konar's ghost, journeyman CoHu; Zoifuloc's ghost, journeyman DjCj


Innate Abilities, Weirdness & Mutations

You are immune to sickness and miasma.
Your stone body is resilient. (AC +9)
You are immune to poison.
You resist negative energy. (rN+)
You are resistant to electric shocks. (rElec)
You are resistant to unholy torment.
You are immune to petrification.


Message History

The dream sheep bleats!
The dream sheep is poisoned. x2; The death yak looks even sicker.
The death yak looks as sick as possible!
The torpor snail looks even sicker.
The dream sheep looks even sicker.
The death yak gores you but does no damage.
The death yak gores you!! The death yak gores you.
Unknown command.
Unknown command.
Unknown command.
Unknown command.
Unknown command.
Unknown command.
Unknown command.
The death yak looks even sicker. x2
The torpor snail looks as sick as possible!
The dream sheep looks even sicker.
Your toxic aura wanes.
The death yak gores you!
* * * LOW HITPOINT WARNING * * *
The death yak gores you!
* * * LOW HITPOINT WARNING * * *
The death yak gores you but does no damage.
As you read the scroll labelled OFFEAXT SEACWA, it crumbles to dust.
The creatures around you are filled with an inner flame!
It was a scroll of immolation.
Flame seeps out of the death yak.
The death yak looks more healthy.
Flame seeps out of the death yak. x3
Flame seeps out of the torpor snail. x2; Flame seeps out of the dream sheep.
The dream sheep is engulfed in blazing flames.
Vehumet accepts your kill.
You feel your power returning.
The dream sheep explodes!
The fiery explosion engulfs the dream sheep!!
Vehumet accepts your kill.
You feel your power returning.
The dream sheep explodes!
The torpor snail is engulfed in blazing flames.
Flame seeps out of the torpor snail.
The death yak is engulfed in blazing flames.
Flame seeps out of the death yak.
The death yak gores you!
You die...

.P.....#.....#...#...##.#
........##P.##...P... ...
........##..... .. ....
.........#..#. ....
.......#.#.### ....
......##.....#
.#....#.......#
..#..#..####...
......Y@#...#..
......YY......
#.##..Y.....#
.#...#w.§§§.#
......○.○§§..
.......§§§§..
.....#....... ..#
....I...#


You could see 4 death yaks and a torpor snail (inner flame, extremely poisoned).

Vanquished Creatures
  A boulder beetle (D:11)
  2 two-headed ogres
  4 death yaks (Lair:3)
  Urug (Lair:2)
  A skyshark (Lair:3)
  An orb spider (Lair:2)
  A deep elf pyromancer (D:9)
  An ugly thing (D:11)
  Joseph (D:7)
  5 elephants (Lair:3)
  5 cane toads
  A black mamba (Lair:3)
  A gargoyle (D:11)
  An unseen horror (D:11)
  4 komodo dragons
  An ice devil (Lair:3)
  2 trolls
  2 hornets
  8 blink frogs
  A snapping turtle (Lair:2)
  2 dream sheep (Lair:3)
  Sigmund (D:2)
  A water elemental (Lair:2)
  A shadow (D:10)
  41 yaks
  A wyvern (Lair:3)
  4 basilisks
  4 vampire mosquitoes (D:11)
  Menkaure (D:4)
  An acid dragon (D:11)
  A sky beast (D:7)
  Duvessa (D:7)
  3 water moccasins
  3 black bears
  3 orc warriors
  6 ogres
  21 wolves
  9 centaurs
  A phantom (D:7)
  6 bullfrogs
  2 kobold brigands
  A cane toad simulacrum (Lair:3)
  A scorpion (D:6)
  Dowan (D:7)
  15 wights
  21 killer bees
  5 electric eels
  5 howler monkeys
  5 hounds
  A jelly (D:7)
  8 orc priests
  5 bombardier beetles
  2 sleepcaps (D:7)
  8 iguanas
  10 orc wizards
  Robin (D:2)
  7 gnolls
  5 adders
  2 shadow imps
  2 ufetubi (D:7)
  A ribbon worm (D:2)
  27 orcs
  9 endoplasms
  3 giant cockroaches
  10 hobgoblins
  4 jackals (D:1)
  17 kobolds
  3 quokkas
  5 ball pythons
  3 bats
  5 frilled lizards
  13 goblins
  5 rats
367 creatures vanquished.

Vanquished Creatures (others)
  A human (D:5)
1 creature vanquished.

Grand Total: 368 creatures vanquished

Notes
Turn   | Place    | Note
-------+----------+-------------------------------------------
     0 | D:1      | shadizar the Gargoyle Earth Elementalist began the quest
                  | for the Orb.
     0 | D:1      | Reached XP level 1. HP: 10/10 MP: 3/3
   107 | D:1      | Reached XP level 2. HP: 13/15 MP: 0/5
   261 | D:1      | Reached skill level 4 in Earth Magic
   473 | D:1      | Reached XP level 3. HP: 19/19 MP: 4/6
  1353 | D:2      | Noticed Robin
  1435 | D:2      | Killed Robin
  1436 | D:2      | Reached XP level 4. HP: 18/24 MP: 3/8
  1530 | D:2      | You fall into a shaft and drop 1 floor!
  1570 | D:3      | Reached skill level 5 in Earth Magic
  1587 | D:3      | Reached XP level 5. HP: 13/28 MP: 1/10
  1601 | D:3      | Found Anyatrap's Antique Weapon Shop.
  1865 | D:3      | Found a faded altar of an unknown god.
  2275 | D:2      | Found Wego's Book Shoppe.
  2278 | D:2      | Noticed Sigmund
  2285 | D:2      | Killed Sigmund
  2286 | D:2      | Reached skill level 6 in Earth Magic
  2286 | D:2      | Reached XP level 6. HP: 31/32 MP: 6/12
  2730 | D:2      | Learned a level 3 spell: Stone Arrow
  3044 | D:4      | Reached XP level 7. HP: 36/36 MP: 10/14
  3106 | D:4      | Noticed Menkaure
  3108 | D:4      | Killed Menkaure
  3109 | D:4      | Reached skill level 5 in Spellcasting
  3109 | D:4      | Reached skill level 7 in Earth Magic
  3153 | D:4      | Found a staircase to the Ecumenical Temple.
  3167 | Temple   | Entered the Ecumenical Temple
  3174 | Temple   | Became a worshipper of Vehumet
  3268 | D:4      | Found a broken altar of Ashenzari.
  3433 | D:4      | Identified the +1 whip "Imp's Nightmare" {flame, rElec
                  | rPois rN++ Dex-4}
  3481 | D:4      | Found Urghufae's Weapon Emporium.
  3731 | D:5      | Entered Level 5 of the Dungeon
  3774 | D:5      | Found a runed translucent door.
  3775 | D:5      | Noticed Crazy Yiuf
  3825 | D:5      | Found an ancient bone altar of Kikubaaqudgha.
  3826 | D:5      | Noticed a human
  3829 | D:5      | Killed a human
  3952 | D:5      | Reached XP level 8. HP: 41/41 MP: 13/16
  4413 | D:5      | Reached skill level 8 in Earth Magic
  4516 | D:5      | Reached skill level 1 in Fighting
  4836 | D:6      | Found a shadowy altar of Dithmenos.
  5873 | D:7      | Reached skill level 5 in Conjurations
  5874 | D:7      | Reached XP level 9. HP: 37/49 MP: 5/18
  6119 | D:7      | Found a hazy altar of Hepliaklqana.
  6276 | D:7      | Reached skill level 9 in Earth Magic
  6292 | D:7      | Found a hazy altar of Hepliaklqana.
  6298 | D:7      | Reached * piety under Vehumet
  6298 | D:7      | Offered knowledge of Freeze by Vehumet.
  6558 | D:7      | Found a burning altar of Makhleb.
  6562 | D:7      | Found a glowing silver altar of Zin.
  6581 | D:7      | Noticed Duvessa
  6582 | D:7      | Noticed Dowan
  6585 | D:7      | Killed Duvessa
  6587 | D:7      | Killed Dowan
  7037 | D:7      | Found a shimmering altar of Xom.
  7040 | D:7      | Found a shimmering altar of Xom.
  7041 | D:7      | Found a shimmering altar of Xom.
  7041 | D:7      | Found a shimmering altar of Xom.
  7041 | D:7      | Found a shimmering altar of Xom.
  7045 | D:7      | Found a shimmering altar of Xom.
  7046 | D:7      | Found a shimmering altar of Xom.
  7046 | D:7      | Found a shimmering altar of Xom.
  7138 | D:7      | Noticed Joseph
  7145 | D:7      | Killed Joseph
  7146 | D:7      | Reached skill level 5 in Stealth
  7146 | D:7      | Reached XP level 10. HP: 45/58 MP: 4/20
  7245 | D:7      | Found a white marble altar of Elyvilon.
  7426 | D:8      | Learned a level 3 spell: Mephitic Cloud
  7515 | D:8      | Found a sacrificial altar of Ru.
  7525 | D:8      | Found an iron altar of Okawaru.
  8006 | D:8      | Reached skill level 1 in Armour
  8093 | D:8      | Reached skill level 5 in Fighting
  8230 | D:9      | Found an ornate altar of the Wu Jian Council.
  8314 | D:9      | Reached ** piety under Vehumet
  8400 | D:9      | Offered knowledge of Shock by Vehumet.
  8517 | D:9      | Noticed a deep elf pyromancer
  8521 | D:9      | Killed a deep elf pyromancer
  8584 | D:9      | Reached skill level 1 in Alchemy
  8585 | D:9      | Reached skill level 1 in Air Magic
  8614 | D:9      | Reached skill level 10 in Earth Magic
  8648 | D:9      | Got the Codex of the Ten Queens
  9033 | D:9      | Offered knowledge of Static Discharge by Vehumet.
  9146 | D:9      | Found a staircase to the Orcish Mines.
  9196 | D:9      | Reached *** piety under Vehumet
  9238 | D:9      | Reached XP level 11. HP: 43/64 MP: 16/22
  9361 | D:10     | Entered Level 10 of the Dungeon
  9763 | D:10     | Noticed Lodul
  9790 | D:10     | Offered knowledge of Olgreb's Toxic Radiance by Vehumet.
  9994 | D:10     | Noticed a two-headed ogre
  9998 | D:10     | Killed a two-headed ogre
 10277 | D:10     | Found a sparkling altar of Nemelex Xobeh.
 10685 | D:11     | Noticed a two-headed ogre
 10690 | D:11     | Killed a two-headed ogre
 10713 | D:11     | Noticed a brown ugly thing
 10925 | D:10     | Reached skill level 5 in Dodging
 11082 | D:11     | Learned a level 4 spell: Olgreb's Toxic Radiance
 11810 | D:11     | Reached **** piety under Vehumet
 11967 | D:11     | Found a staircase to the Lair.
 12165 | D:11     | Killed a brown ugly thing
 12166 | D:11     | Reached skill level 11 in Earth Magic
 12250 | D:11     | Noticed a boulder beetle
 12260 | D:11     | Killed a boulder beetle
 12261 | D:11     | Reached skill level 5 in Armour
 12261 | D:11     | Reached XP level 12. HP: 66/72 MP: 4/24
 12411 | Lair:1   | Entered Level 1 of the Lair of Beasts
 12710 | Lair:1   | Offered knowledge of Sticky Flame by Vehumet.
 12938 | Lair:1   | Found a shimmering altar of Xom.
 13016 | Lair:1   | Found a runed translucent gate.
 13016 | Lair:1   | Found a runed translucent gate.
 13016 | Lair:1   | Found a runed translucent gate.
 13021 | Lair:1   | Noticed Konar's ghost (journeyman CoHu)
 13021 | Lair:1   | Noticed Zoifuloc's ghost (journeyman DjCj)
 13865 | Lair:2   | Found a hole to the Spider Nest.
 13971 | Lair:2   | Noticed Urug
 13995 | Lair:2   | Killed Urug
 14788 | Lair:2   | Found a staircase to the Shoals.
 14954 | Lair:3   | Reached XP level 13. HP: 79/79 MP: 24/26
 14969 | Lair:3   | Reached ***** piety under Vehumet
 14970 | Lair:3   | Reached skill level 12 in Earth Magic
 15288 | Lair:3   | Offered knowledge of Fulminant Prism by Vehumet.
 15472 | Lair:3   | Reached skill level 5 in Alchemy
 16153 | Lair:3   | HP: 1/80 [death yak (9)]
 16154 | Lair:3   | Mangled by a death yak

Illustrated notes

Levels and vault maps discovered:
D:1:      psy_arrival_dodecagon, layout_basic, minmay_pentomino_x2
D:2:      layout_loops_ring, serial_shops, nicolae_book_shop_shelving,
          minmay_misc_feat_rugged, kennysheep_generic_room_10, uniq_sigmund,
          uniq_robin
D:3:      kennysheep_big_flooded_room, layout_rooms,
          ebering_ecumenical_altar_sacrificial, serial_shops, shop
D:4:      layout_cave_pods, ashenzari_altar_1, minmay_temple_entry_junction,
          serial_shops, shop, uniq_menkaure
D:5:      layout_loops_ring, tgw_kikubaaqudgha, uniq_crazy_yiuf_cottage
D:6:      layout_layer_cave, nicolae_dithmenos_through_a_glass_darkly,
          dreamdust_gnoll_farm
D:7:      minmay_angry_zag, layout_loops_ring,
          grunt_temple_overflow_order_and_chaos_2, elyvilon_altar_5,
          worldfamousw_hep_ancestral_shrine, xom_shifter_show,
          minmay_ruined_shrine, uniq_duvessa, uniq_joseph
D:8:      layout_cave_pods, lemuel_tele_altar, mainiacjoe_overflow_tiny_flanked
D:9:      layout_roguey, nzn_wu_jian_council_hall, hiddenorc1_lemuel,
          billiards_dpeg
D:10:     nicolae_moon_pools, layout_basic, nemelex_xobeh_ov_fountains_minmay,
          uniq_lodul
D:11:     layout_gridville, erik_lair_island, eino_jars
Temple:   hellmonk_temple_micro_hex
Lair:1:   layout_cave_pods, basic_altar, gammafunk_ghost_cemetery
Lair:2:   layout_gridlike, minmay_shoals_entry_hut,
          nicolae_spider_entry_orb_guardian, infiniplex_staircase_pool_2,
          grunt_megastairs_4, uniq_urug
Lair:3:   dreamdust_isle_of_ice, layout_gridlike, serial_bayou_shore_b,
          grunt_megastairs_2, lemuel_fruit_tree

Skill      XL: |  1  2  3  4  5  6  7  8  9 10 11 12 13 |
---------------+----------------------------------------+-----
Earth Magic    | 4 5 6 7 8 9 10 11 12 | 12.3
Spellcasting   | 3 4 5 6 7 8 9 |  9.5
Conjurations   | 3 5 6 7 8 9 |  9.8
Fighting       | 2 4 5 7 8 9 |  9.0
Dodging        | 2 3 4 5 6 |  6.7
Stealth        | 3 5 |  5.2
Armour         | 3 5 6 7 |  7.5
Alchemy        | 1 3 4 5 |  5.2
Air Magic      | 1 2 |  2.8

Action                     |  1- 3 |  4- 6 |  7- 9 | 10-12 | 13-15 || total
---------------------------+-------+-------+-------+-------+-------++-------
  Melee: Unarmed           |    10 |       |       |       |       ||    10
         Staff             |    12 |    10 |       |       |       ||    22
   Cast: Sandblast         |    55 |    56 |   108 |   363 |    51 ||   633
         Stone Arrow       |       |       |    15 |    38 |    28 ||    81
         Mephitic Cloud    |       |       |       |    12 |     7 ||    19
         Olgreb's Toxic Ra |       |       |       |    11 |    14 ||    25
    Use: Scroll            |       |       |    15 |     7 |     1 ||    23
         Potion            |       |       |     3 |       |       ||     3
 Armour: Robe              |    18 |    22 |    68 |       |       ||   108
         Leather armour    |       |       |       |   300 |    85 ||   385
  Dodge: Dodged            |    20 |    21 |    44 |   210 |    46 ||   341

Table legend: (Time is in decaauts)
 A = Elapsed time spent in this place.
 B = Non-inter-level travel time spent in this place.
 C = Inter-level travel time spent in this place.
 D = Time resting spent in this place.
 E = Time spent auto-exploring this place.
 F = Levels seen in this place.
 G = Mean time per level.
                   A        B        C        D        E       F      G
               +--------+--------+--------+--------+--------+-----+--------+
         Total |  16492 |  16081 |    411 |      0 |  13506 |  15 | 1099.5 |
       Dungeon |  12620 |  12261 |    359 |      0 |  10392 |  11 | 1147.3 |
        Temple |     18 |     18 |      0 |      0 |      2 |   1 |   18.0 |
          Lair |   3853 |   3801 |     52 |      0 |   3112 |   3 | 1284.3 |
               +--------+--------+--------+--------+--------+-----+--------+

Top non-repeatable levels by time:
  Lair:2: 1601 daAuts
     D:7: 1585 daAuts
    D:10: 1534 daAuts
    D:11: 1395 daAuts
     D:9: 1358 daAuts
  Lair:1: 1259 daAuts
     D:1: 1124 daAuts
     D:6: 1116 daAuts
     D:2: 1014 daAuts
     D:5: 1006 daAuts
  Lair:3: 991 daAuts
     D:4: 959 daAuts
     D:8: 845 daAuts
     D:3: 680 daAuts
  Temple: 18 daAuts
